 Dungeon Crawl Stone Soup version 0.29.0-4-gdea44cf6ec (webtiles) character file.

Game seed: 6304832688156856215

11476 qw the Severer (level 11, -6/97 HPs)
             Began as a Minotaur Berserker on Sept 6, 2022.
             Was an Elder of Trog.
             Succumbed to a cane toad's poison
             ... on level 2 of the Lair of Beasts.
             The game lasted 00:03:48 (13997 turns).

qw the Severer (Minotaur Berserker)                Turns: 13997, Time: 00:03:49

Health: -6/97      AC: 12    Str: 23    XL:     11   Next: 49%
Magic:  1/1        EV:  9    Int: 14    God:    Trog [****..]
Gold:   553        SH: 11    Dex: 15    Spells: 10/10 levels left

rFire   . . .      SeeInvis .   Y - +0 war axe
rCold   + . .      Faith    .   n - +0 kite shield
rNeg    . . .      Spirit   .   q - +0 chain mail
rPois   .          Reflect  .   (helmet restricted)
rElec   .          Harm     .   e - +1 cloak of Elyvilon's Wrath {MP-9 Str-2 Int+10 Dex+4}
rCorr   .          Rampage  .   (no gloves)
Will    .....                   (no boots)
Stlth   ..........              j - amulet of the acrobat
HPRegen 0.26/turn               k - +4 ring of slaying {mikee}
MPRegen 0.07/turn               h - ring of protection from cold

@: lethally poisoned (-6 -> -41), about to teleport, on berserk cooldown,
slowed, very slow
A: horns 2, retaliatory headbutt
a: Renounce Religion, Berserk, Trog's Hand, Brothers in Arms


You were on level 2 of the Lair of Beasts.
You worshipped Trog.
Trog was greatly pleased with you.
You visited 2 branches of the dungeon, and saw 11 of its levels.
You also visited: Gauntlet.

You collected 553 gold pieces.


Innate Abilities, Weirdness & Mutations

You have a pair of horns on your head.
You reflexively headbutt those who attack you in melee.


   Skills:
 - Level 9.0 Fighting
 + Level 15.3 Axes
 - Level 4.1 Throwing
 - Level 6.2 Armour
 - Level 4.9 Dodging
 - Level 10.1 Shields


You had 10 spell levels left.
You didn't know any spells.
Your spell library was empty.

Inventory:

Hand Weapons
 a - a +2 antimagic morningstar
 Y - a +0 war axe (weapon)
Missiles
 f - 5 silver javelins (quivered)
 s - 3 boomerangs
Armour
 e - the +1 cloak of Elyvilon's Wrath (worn) {MP-9 Str-2 Int+10 Dex+4}
   (You found it in a Gauntlet)

   Str:       It affects your strength (-2).
   Int:       It affects your intelligence (+10).
   Dex:       It affects your dexterity (+4).
   MP:        It affects your magic capacity (-9).
 m - a scarf of harm
 n - a +0 kite shield (worn)
 q - a +0 chain mail (worn)
Jewellery
 g - the ring of the Fortifying Fool {Wiz rElec rN+ Stlth-}
   (You found it in a Gauntlet)

   [ring of wizardry]

   It improves your spell success rate.
   rElec:     It insulates you from electricity.
   rN:        It protects you from negative energy.
   Stlth:     It makes you less stealthy.
 h - a ring of protection from cold (right hand)
 j - an amulet of the acrobat (around neck)
 k - a +4 ring of slaying (left hand) {mikee}
Scrolls
 c - 4 scrolls of teleportation
 d - 4 scrolls of identify
Potions
 b - 2 potions of might
 i - 3 potions of haste
 l - 4 potions of curing
 o - a potion of mutation

Dungeon Overview and Level Annotations

Branches:
Dungeon (9/15)             Temple (0/1) D:6            Lair (1/5) D:9
Gauntlet (visited)
    Orc: D:9-12

Altars:
Ashenzari
Dithmenos
Fedhas
Hepliaklqana
Kikubaaqudgha
Makhleb
Vehumet

Shops:
D:2 :   D:5 *

Annotations:
D:6 3 runed translucent doors, qw's ghost, novice MiFi


Message History

You hit the cane toad.
You feel very sick. The cane toad stings you! The bullfrog hits you.
You block the cane toad's attack.
The bullfrog hits you but does no damage.
You closely miss the bullfrog.
The bullfrog is moderately wounded.
You slash the cane toad!
You feel sick.
The bullfrog hits you but does no damage.
The cane toad stings you!!
You are more poisoned.
The cane toad poisons you! The bullfrog closely misses you.
You furiously retaliate!
You headbutt the bullfrog.
The cane toad stings you but does no damage.
You hit the bullfrog.
The bullfrog is heavily wounded.
You barely miss the cane toad.
You feel extremely sick. The bullfrog hits you.
The cane toad completely misses you. You furiously retaliate!
You headbutt the cane toad. The bullfrog barely misses you.
You block the cane toad's attack.
You closely miss the cane toad. Your headbutt misses the cane toad.
The cane toad is heavily wounded.
You slice the bullfrog!!
You kill the bullfrog!
Trog accepts your kill.
You can now call in reinforcements.
You feel very sick.
The cane toad stings you but does no damage.
13996 ||| READING 5 scrolls of teleportation.
As you read the scroll of teleportation, it crumbles to dust.
You feel strangely unstable.
You feel very sick. You block the cane toad's attack. The cane toad stings you!
You are more poisoned.
The cane toad poisons you!
You slice the cane toad!!
You kill the cane toad!
Trog accepts your kill.
You die...

# ... ###. ###
#... ...##
#.##....
#...###.....#
.....?..PP#
#.......###
#.@.......#
##.........##
###.....?.....#
#............##
##..........##
#.....%......#
####.......###
###.#..#.#
###.###..


There were no monsters in sight!

Vanquished Creatures
  A minotaur (Gauntlet)
  Erica (D:9)
  Pikel (D:9)
  A necromancer (Gauntlet)
  An ice statue (Gauntlet)
  2 cane toads
  2 rime drakes (Gauntlet)
  A tyrant leech (Gauntlet)
  6 blink frogs
  A vampire (D:9)
  8 yaks
  A basilisk (Lair:1)
  5 wyverns (D:9)
  A steam dragon (D:8)
  4 swamp worms (Gauntlet)
  6 water moccasins
  2 sky beasts
  An orc warrior (D:6)
  An ogre (D:6)
  3 wolves (Gauntlet)
  3 centaurs
  2 lemures (D:9)
  3 kobold brigands
  A phantom (D:5)
  A necrophage (D:7)
  3 bullfrogs
  2 scorpions
  15 wights
  7 killer bees (D:9)
  A jelly (D:6)
  A gnoll bouda (D:8)
  4 hounds
  3 orc priests
  3 iguanas
  10 orc wizards
  Natasha (thrice) (D:4)
  A statue (D:8)
  7 gnolls
  8 adders
  A shadow imp (D:7)
  2 white imps
  An ufetubus (D:7)
  4 worms
  2 dart slugs
  27 orcs
  3 bats
  8 endoplasms
  2 giant cockroaches
  13 goblins
  6 hobgoblins
  8 jackals
  2 quokkas (D:1)
  5 ball pythons
  2 frilled lizards
  18 kobolds
  5 rats
236 creatures vanquished.

Vanquished Creatures (others)
  6 fungi (D:9)
  24 plants
30 creatures vanquished.

Grand Total: 266 creatures vanquished

Notes
Turn   | Place    | Note
-------+----------+-------------------------------------------
     0 | D:1      | qw the Minotaur Berserker began the quest for the Orb.
     0 | D:1      | Reached XP level 1. HP: 19/19 MP: 0/0
     0 | D:1      | 0 ||| qw: Version: 0.1-a-108-g9e35731
     0 | D:1      | 0 ||| qw: Game counter: 6315
     0 | D:1      | 0 ||| qw: Always use a shield: true
     0 | D:1      | 0 ||| qw: Do Orc after D:15 true
     0 | D:1      | 0 ||| qw: Do second Lair branch before Depths: true
     0 | D:1      | 0 ||| qw: Lair rune preference: random
     0 | D:1      | 0 ||| qw: Plans: Normal
     0 | D:1      | 0 ||| PLANNING D:1-11
    30 | D:1      | 30 ||| Stepping ~*~*~tactically~*~*~ (stealth).
    34 | D:1      | 34 ||| Stepping ~*~*~tactically~*~*~ (stealth).
    91 | D:1      | 91 ||| Stepping ~*~*~tactically~*~*~ (stealth).
    98 | D:1      | Reached skill level 4 in Axes
   105 | D:1      | 105 ||| Stepping ~*~*~tactically~*~*~ (stealth).
   107 | D:1      | 107 ||| Stepping ~*~*~tactically~*~*~ (stealth).
   115 | D:1      | Reached XP level 2. HP: 15/26 MP: 1/1
   117 | D:1      | 117 ||| INVOKING Berserk.
   144 | D:1      | 144 ||| Stepping ~*~*~tactically~*~*~ (stealth).
   291 | D:1      | Found a faded altar of an unknown god.
   292 | D:1      | 292 ||| Stepping ~*~*~tactically~*~*~ (stealth).
   318 | D:1      | 318 ||| DROPPING +0 club.
   332 | D:1      | 332 ||| Stepping ~*~*~tactically~*~*~ (stealth).
   356 | D:1      | 356 ||| Stepping ~*~*~tactically~*~*~ (stealth).
   370 | D:1      | Reached skill level 5 in Axes
   385 | D:1      | 385 ||| Stepping ~*~*~tactically~*~*~ (stealth).
   388 | D:1      | Reached XP level 3. HP: 25/31 MP: 2/2
   447 | D:1      | 447 ||| Stepping ~*~*~tactically~*~*~ (stealth).
   448 | D:1      | 448 ||| Stepping ~*~*~tactically~*~*~ (stealth).
   628 | D:1      | Reached ** piety under Trog
   649 | D:1      | 649 ||| Stepping ~*~*~tactically~*~*~ (stealth).
   652 | D:1      | 652 ||| Stepping ~*~*~tactically~*~*~ (stealth).
   687 | D:1      | 687 ||| Stepping ~*~*~tactically~*~*~ (hiding).
   690 | D:1      | 690 ||| Stepping ~*~*~tactically~*~*~ (hiding).
  1169 | D:1      | 1169 ||| UPGRADING to +0 ring mail.
  1179 | D:1      | 1179 ||| DROPPING +0 animal skin.
  1180 | D:1      | 1180 ||| READING 2 scrolls labelled CEATZI WUVAA.
  1181 | D:1      | 1181 ||| DRINKING 2 sedimented green potions.
  1286 | D:1      | 1286 ||| DROPPING scroll of amnesia.
  1287 | D:1      | 1287 ||| DROPPING potion of berserk rage.
  1808 | D:2      | Found Imneech's Book Boutique.
  1997 | D:2      | 1997 ||| INVOKING Berserk.
  2233 | D:2      | 2233 ||| UPGRADING to amulet of the acrobat.
  2238 | D:2      | 2238 ||| UPGRADING to +4 ring of slaying {mikee}.
  2239 | D:2      | 2239 ||| READING scroll labelled GICHOXK MONUJA.
  2240 | D:2      | 2240 ||| READING 2 scrolls labelled ZISUAW GEMINOL.
  2244 | D:2      | 2244 ||| READING 2 scrolls labelled VOETHU VOFE.
  2245 | D:2      | 2245 ||| DRINKING 2 fizzy silvery potions.
  2246 | D:2      | 2246 ||| DROPPING potion of flight.
  2247 | D:2      | 2247 ||| DROPPING scroll of magic mapping.
  2347 | D:3      | Found a burning altar of Makhleb.
  2864 | D:3      | Reached XP level 4. HP: 39/39 MP: 3/3
  2892 | D:3      | Reached skill level 6 in Axes
  3314 | D:3      | 3314 ||| UPGRADING to ring of protection from cold.
  3315 | D:3      | 3315 ||| READING scroll labelled FECWOQ LOTITE.
  3316 | D:3      | 3316 ||| READING scroll labelled LAIGEETSUA.
  3417 | D:3      | 3417 ||| DRINKING 2 lumpy black potions.
  3456 | D:4      | 3456 ||| STAIRDANCE
  3489 | D:4      | 3489 ||| STAIRDANCE
  3497 | D:4      | 3497 ||| STAIRDANCE
  3590 | D:4      | 3590 ||| DRINKING potion of curing.
  3590 | D:4      | 3590 ||| (to cure confusion)
  3591 | D:4      | 3591 ||| INVOKING Berserk.
  3600 | D:4      | Reached skill level 7 in Axes
  3600 | D:4      | Reached XP level 5. HP: 45/45 MP: 4/4
  3711 | D:4      | 3711 ||| DROPPING +0 whip.
  3715 | D:4      | Noticed Natasha
  3716 | D:4      | 3716 ||| Stepping ~*~*~tactically~*~*~ (hiding).
  3717 | D:4      | 3717 ||| Stepping ~*~*~tactically~*~*~ (hiding).
  3718 | D:4      | 3718 ||| Stepping ~*~*~tactically~*~*~ (hiding).
  3722 | D:4      | 3722 ||| INVOKING Berserk.
  3723 | D:4      | Killed Natasha
  3878 | D:4      | 3878 ||| Stepping ~*~*~tactically~*~*~ (hiding).
  3888 | D:4      | 3888 ||| Stepping ~*~*~tactically~*~*~ (stealth).
  3946 | D:4      | Noticed Natasha
  3947 | D:4      | 3947 ||| Stepping ~*~*~tactically~*~*~ (stealth).
  3957 | D:4      | 3957 ||| Stepping ~*~*~tactically~*~*~ (stealth).
  4077 | D:4      | 4077 ||| FLEEEEING.
  4078 | D:4      | 4078 ||| STAIRDANCE
  4126 | D:3      | 4126 ||| DRINKING 2 ruby potions.
  4129 | D:4      | 4129 ||| STAIRDANCE
  4167 | D:4      | 4167 ||| INVOKING Berserk.
  4171 | D:4      | Reached XP level 6. HP: 52/52 MP: 5/5
  4174 | D:4      | Killed Natasha
  4175 | D:4      | Reached skill level 8 in Axes
  4303 | D:4      | Noticed Natasha
  4305 | D:4      | 4305 ||| INVOKING Berserk.
  4307 | D:4      | Killed Natasha
  4575 | D:4      | 4575 ||| UPGRADING to +0 scale mail.
  4585 | D:4      | 4585 ||| DROPPING +0 ring mail.
  4586 | D:4      | 4586 ||| DRINKING 2 murky sapphire potions.
  4601 | D:5      | Entered Level 5 of the Dungeon
  4604 | D:5      | 4604 ||| Stepping ~*~*~tactically~*~*~ (hiding).
  4607 | D:5      | 4607 ||| INVOKING Berserk.
  4622 | D:5      | 4622 ||| FLEEEEING.
  4623 | D:5      | 4623 ||| FLEEEEING.
  4624 | D:5      | 4624 ||| STAIRDANCE
  4729 | D:5      | 4729 ||| INVOKING Berserk.
  4748 | D:5      | 4748 ||| Stepping ~*~*~tactically~*~*~ (stealth).
  4750 | D:5      | 4750 ||| Stepping ~*~*~tactically~*~*~ (stealth).
  4752 | D:5      | 4752 ||| Stepping ~*~*~tactically~*~*~ (stealth).
  4907 | D:5      | Reached skill level 9 in Axes
  5020 | D:5      | Found Ditanof's Overcharged Wands.
  5026 | D:5      | 5026 ||| SHOPLISTING wand of digging (11) (693 gold, have
                  | 250).
  5363 | D:5      | Reached XP level 7. HP: 58/61 MP: 6/6
  5715 | D:5      | 5715 ||| UPGRADING to +0 chain mail.
  5725 | D:5      | 5725 ||| DROPPING +0 scale mail.
  5726 | D:5      | 5726 ||| READING scroll labelled SAYSOFA HYRUW.
  5727 | D:5      | 5727 ||| READING scroll labelled LADIZI WUGU.
  5758 | D:6      | Found a staircase to the Ecumenical Temple.
  5776 | D:6      | 5776 ||| INVOKING Berserk.
  5778 | D:6      | Reached skill level 3 in Armour
  5782 | D:6      | Reached skill level 10 in Axes
  5789 | D:6      | Reached skill level 6 in Fighting
  5792 | D:6      | Reached XP level 8. HP: 70/70 MP: 7/7
  5921 | D:6      | 5921 ||| DROPPING +0 flail.
  5982 | D:6      | Reached *** piety under Trog
  6054 | D:6      | 6054 ||| INVOKING Berserk.
  6197 | D:6      | Identified the +7 trident of Vanity {flame, rN+}
  6275 | D:6      | 6275 ||| INVOKING Berserk.
  6389 | D:6      | 6389 ||| Stepping ~*~*~tactically~*~*~ (stealth).
  6391 | D:6      | 6391 ||| Stepping ~*~*~tactically~*~*~ (hiding).
  6396 | D:6      | 6396 ||| Stepping ~*~*~tactically~*~*~ (stealth).
  6442 | D:6      | 6442 ||| SWAPPING to +0 war axe.
  6443 | D:6      | 6443 ||| DROPPING +0 hand axe.
  6581 | D:6      | Found a runed translucent gate.
  6581 | D:6      | Noticed qw's ghost (novice MiFi)
  6582 | D:6      | Found a runed translucent gate.
  6583 | D:6      | Found a runed translucent gate.
  6585 | D:6      | Identified the +3 chain mail "Kieto" {+Blink}
  6820 | D:6      | 6820 ||| UPGRADING to +0 kite shield.
  6875 | D:7      | 6875 ||| Stepping ~*~*~tactically~*~*~ (hiding).
  7021 | D:7      | 7021 ||| INVOKING Berserk.
  7023 | D:7      | Reached skill level 1 in Shields
  7097 | D:7      | Reached skill level 3 in Shields
  7292 | D:7      | Reached skill level 6 in Shields
  7486 | D:7      | 7486 ||| Stepping ~*~*~tactically~*~*~ (stealth).
  7489 | D:7      | 7489 ||| Stepping ~*~*~tactically~*~*~ (stealth).
  7491 | D:7      | 7491 ||| FLEEEEING.
  7492 | D:7      | 7492 ||| FLEEEEING.
  7493 | D:7      | 7493 ||| FLEEEEING.
  7494 | D:7      | 7494 ||| FLEEEEING.
  7495 | D:7      | 7495 ||| FLEEEEING.
  7496 | D:7      | 7496 ||| FLEEEEING.
  7502 | D:7      | 7502 ||| FLEEEEING.
  7503 | D:7      | 7503 ||| FLEEEEING.
  7504 | D:7      | 7504 ||| FLEEEEING.
  7505 | D:7      | 7505 ||| FLEEEEING.
  7506 | D:7      | 7506 ||| FLEEEEING.
  7507 | D:7      | 7507 ||| FLEEEEING.
  7512 | D:7      | 7512 ||| FLEEEEING.
  7513 | D:7      | 7513 ||| FLEEEEING.
  7514 | D:7      | 7514 ||| FLEEEEING.
  7515 | D:7      | 7515 ||| FLEEEEING.
  7516 | D:7      | 7516 ||| FLEEEEING.
  7519 | D:7      | 7519 ||| STAIRDANCE
  7676 | D:6      | 7676 ||| DROPPING +6 ring of intelligence.
  7677 | D:6      | 7677 ||| DRINKING 2 purple potions.
  7678 | D:6      | 7678 ||| READING 2 scrolls of identify.
  7678 | D:6      | 7678 ||| IDENTIFYING green potion
  7679 | D:6      | 7679 ||| DROPPING potion of ambrosia.
  7680 | D:6      | 7680 ||| DROPPING potion of degeneration.
  7771 | D:7      | 7771 ||| Stepping ~*~*~tactically~*~*~ (stealth).
  7772 | D:7      | 7772 ||| Stepping ~*~*~tactically~*~*~ (stealth).
  7773 | D:7      | 7773 ||| Stepping ~*~*~tactically~*~*~ (stealth).
  7818 | D:7      | 7818 ||| FLEEEEING.
  7819 | D:7      | 7819 ||| FLEEEEING.
  7820 | D:7      | 7820 ||| STAIRDANCE
  8274 | D:7      | Reached skill level 1 in Throwing
  8312 | D:7      | 8312 ||| READING 2 scrolls of identify.
  8312 | D:7      | 8312 ||| IDENTIFYING fuming golden potion
  8338 | D:8      | 8338 ||| INVOKING Berserk.
  8341 | D:8      | Reached skill level 11 in Axes
  8342 | D:8      | Reached XP level 9. HP: 75/75 MP: 8/8
  8563 | D:8      | 8563 ||| Stepping ~*~*~tactically~*~*~ (hiding).
  8569 | D:8      | 8569 ||| INVOKING Berserk.
  8582 | D:8      | HP: 19/111 [gnoll/+0 halberd[a gnoll bouda] (10)]
  8963 | D:8      | 8963 ||| Stepping ~*~*~tactically~*~*~ (stealth).
  8964 | D:8      | 8964 ||| Stepping ~*~*~tactically~*~*~ (stealth).
  8967 | D:8      | Found a radiant altar of Vehumet.
  8968 | D:8      | 8968 ||| Stepping ~*~*~tactically~*~*~ (stealth).
  8976 | D:8      | 8976 ||| Stepping ~*~*~tactically~*~*~ (stealth).
  8977 | D:8      | 8977 ||| Stepping ~*~*~tactically~*~*~ (stealth).
  8979 | D:8      | 8979 ||| Stepping ~*~*~tactically~*~*~ (stealth).
  8983 | D:8      | Reached skill level 12 in Axes
  8986 | D:8      | 8986 ||| INVOKING Berserk.
  9194 | D:8      | 9194 ||| INVOKING Berserk.
  9650 | D:8      | 9650 ||| READING scroll labelled VIMMOU FIOCVULL.
  9651 | D:8      | 9651 ||| DRINKING 2 fuming blue potions.
  9652 | D:8      | 9652 ||| DROPPING potion of magic.
  9720 | D:9      | 9720 ||| Stepping ~*~*~tactically~*~*~ (hiding).
  9721 | D:9      | 9721 ||| Stepping ~*~*~tactically~*~*~ (hiding).
  9732 | D:9      | Reached skill level 9 in Shields
  9858 | D:9      | 9858 ||| Stepping ~*~*~tactically~*~*~ (stealth).
  9874 | D:9      | 9874 ||| Stepping ~*~*~tactically~*~*~ (stealth).
  9881 | D:9      | 9881 ||| Stepping ~*~*~tactically~*~*~ (stealth).
  9884 | D:9      | 9884 ||| Stepping ~*~*~tactically~*~*~ (stealth).
  9997 | D:9      | 9997 ||| DROPPING +0 morningstar.
 10026 | D:9      | 10026 ||| FLEEEEING.
 10027 | D:9      | 10027 ||| FLEEEEING.
 10028 | D:9      | 10028 ||| FLEEEEING.
 10029 | D:9      | 10029 ||| FLEEEEING.
 10030 | D:9      | 10030 ||| FLEEEEING.
 10031 | D:9      | 10031 ||| FLEEEEING.
 10032 | D:9      | 10032 ||| FLEEEEING.
 10033 | D:9      | 10033 ||| FLEEEEING.
 10034 | D:9      | 10034 ||| FLEEEEING.
 10035 | D:9      | 10035 ||| FLEEEEING.
 10040 | D:9      | 10040 ||| FLEEEEING.
 10041 | D:9      | 10041 ||| FLEEEEING.
 10042 | D:9      | 10042 ||| FLEEEEING.
 10043 | D:9      | 10043 ||| FLEEEEING.
 10044 | D:9      | 10044 ||| FLEEEEING.
 10045 | D:9      | 10045 ||| FLEEEEING.
 10046 | D:9      | 10046 ||| FLEEEEING.
 10047 | D:9      | 10047 ||| FLEEEEING.
 10048 | D:9      | 10048 ||| FLEEEEING.
 10049 | D:9      | 10049 ||| STAIRDANCE
 10222 | D:9      | Noticed Pikel
 10228 | D:9      | 10228 ||| INVOKING Berserk.
 10232 | D:9      | Killed Pikel
 10233 | D:9      | Reached skill level 13 in Axes
 10233 | D:9      | Reached XP level 10. HP: 86/86 MP: 9/9
 10414 | D:9      | Found a hazy altar of Hepliaklqana.
 10437 | D:9      | 10437 ||| Stepping ~*~*~tactically~*~*~ (hiding).
 10442 | D:9      | Reached **** piety under Trog
 10491 | D:9      | Found a blossoming altar of Fedhas.
 10494 | D:9      | Found a shadowy altar of Dithmenos.
 10497 | D:9      | Found a broken altar of Ashenzari.
 10508 | D:9      | 10508 ||| Stepping ~*~*~tactically~*~*~ (hiding).
 10530 | D:9      | Noticed Erica
 10532 | D:9      | 10532 ||| INVOKING Berserk.
 10538 | D:9      | Killed Erica
 10708 | D:9      | 10708 ||| Stepping ~*~*~tactically~*~*~ (stealth).
 10723 | D:9      | Reached skill level 14 in Axes
 10756 | D:9      | 10756 ||| INVOKING Berserk.
 10766 | D:9      | HP: 22/88 [poisoned by a killer bee]
 10808 | D:9      | 10808 ||| FLEEEEING.
 10809 | D:9      | 10809 ||| FLEEEEING.
 10810 | D:9      | 10810 ||| FLEEEEING.
 10811 | D:9      | 10811 ||| FLEEEEING.
 10813 | D:9      | 10813 ||| FLEEEEING.
 10817 | D:9      | 10817 ||| FLEEEEING.
 10818 | D:9      | 10818 ||| FLEEEEING.
 10819 | D:9      | 10819 ||| FLEEEEING.
 10820 | D:9      | 10820 ||| FLEEEEING.
 10821 | D:9      | 10821 ||| FLEEEEING.
 10825 | D:9      | 10825 ||| FLEEEEING.
 10826 | D:9      | 10826 ||| STAIRDANCE
 11053 | D:8      | 11053 ||| DRINKING 2 puce potions.
 11054 | D:8      | 11054 ||| DROPPING potion of attraction.
 11532 | D:9      | 11532 ||| Stepping ~*~*~tactically~*~*~ (stealth).
 11680 | D:9      | 11680 ||| Stepping ~*~*~tactically~*~*~ (stealth).
 11715 | D:9      | 11715 ||| Stepping ~*~*~tactically~*~*~ (stealth).
 11715 | D:9      | Found a staircase to the Lair.
 11748 | D:9      | 11748 ||| Stepping ~*~*~tactically~*~*~ (stealth).
 11750 | D:9      | 11750 ||| Stepping ~*~*~tactically~*~*~ (stealth).
 11858 | D:9      | 11858 ||| Stepping ~*~*~tactically~*~*~ (stealth).
 11859 | D:9      | 11859 ||| Stepping ~*~*~tactically~*~*~ (stealth).
 11946 | D:9      | 11946 ||| PLANNING LAIR
 11946 | D:9      | 11946 ||| READING 2 scrolls of identify.
 11946 | D:9      | 11946 ||| IDENTIFYING amethyst potion
 11947 | D:9      | 11947 ||| DROPPING potion of brilliance.
 11976 | Lair:1   | Entered Level 1 of the Lair of Beasts
 11977 | Lair:1   | 11977 ||| PLANNING GAUNTLET
 11977 | Lair:1   | Found a gate leading to a gauntlet.
 11978 | Lair:1   | 11978 ||| Stepping ~*~*~tactically~*~*~ (hiding).
 12152 | Gauntlet | Entered a Gauntlet
 12152 | Gauntlet | Noticed a necromancer
 12152 | Gauntlet | Noticed a worldbinder
 12152 | Gauntlet | Found a transporter.
 12152 | Gauntlet | Found a transporter.
 12152 | Gauntlet | Found a transporter.
 12173 | Gauntlet | Found a transporter.
 12186 | Gauntlet | Found a transporter.
 12188 | Gauntlet | Found a transporter.
 12190 | Gauntlet | Noticed an ice statue
 12196 | Gauntlet | Found a transporter.
 12212 | Gauntlet | Noticed an elephant
 12214 | Gauntlet | Noticed a dire elephant
 12215 | Gauntlet | Found a transporter.
 12229 | Gauntlet | Found a transporter.
 12232 | Gauntlet | Found a transporter.
 12236 | Gauntlet | Found a runed translucent door.
 12236 | Gauntlet | Found a runed translucent door.
 12240 | Gauntlet | Found a transporter.
 12243 | Gauntlet | Found a transporter.
 12278 | Gauntlet | Noticed an ice statue
 12324 | Gauntlet | Killed a necromancer
 12325 | Gauntlet | Reached XP level 11. HP: 47/94 MP: 10/10
 12325 | Gauntlet | 12325 ||| INVOKING Berserk.
 12515 | Gauntlet | Reached skill level 15 in Axes
 12629 | Gauntlet | 12629 ||| INVOKING Brothers in Arms.
 12630 | Gauntlet | 12630 ||| INVOKING Brothers in Arms.
 12631 | Gauntlet | 12631 ||| INVOKING Berserk.
 12639 | Gauntlet | 12639 ||| Stepping ~*~*~tactically~*~*~ (cloud).
 12731 | Gauntlet | 12731 ||| INVOKING Berserk.
 12741 | Gauntlet | Reached skill level 9 in Fighting
 12752 | Gauntlet | HP: 34/145 [swamp worm (17)]
 13037 | Gauntlet | Identified the +1 cloak of Elyvilon's Wrath {MP-9 Str-2
                  | Int+10 Dex+4}
 13039 | Gauntlet | 13039 ||| UPGRADING to +1 cloak of Elyvilon's Wrath {MP-9
                  | Str-2 Int+10 Dex+4}.
 13058 | Gauntlet | Identified the +5 long sword of the Sugar Beet {vorpal,
                  | Str+6}
 13058 | Gauntlet | Noticed a minotaur
 13060 | Gauntlet | 13060 ||| INVOKING Berserk.
 13068 | Gauntlet | Killed a minotaur
 13069 | Gauntlet | Reached skill level 6 in Armour
 13236 | Gauntlet | Identified the ring of the Fortifying Fool {Wiz rElec rN+
                  | Stlth-}
 13265 | Gauntlet | 13265 ||| READING 3 scrolls of identify.
 13265 | Gauntlet | 13265 ||| IDENTIFYING bubbling green potion
 13276 | Lair:1   | 13276 ||| PLANNING LAIR
 13291 | Lair:1   | Found an ancient bone altar of Kikubaaqudgha.
 13327 | Lair:1   | HP: 23/97 [centaur/arrow (6)]
 13328 | Lair:1   | 13328 ||| READING 6 scrolls of teleportation.
 13329 | Lair:1   | 13329 ||| DRINKING potion of heal wounds.
 13642 | Lair:1   | 13642 ||| INVOKING Berserk.
 13780 | Lair:1   | 13780 ||| INVOKING Berserk.
 13786 | Lair:1   | Reached skill level 3 in Throwing
 13976 | Lair:1   | You fall into a shaft and drop 1 floor!
 13979 | Lair:2   | 13979 ||| INVOKING Berserk.
 13995 | Lair:2   | HP: 22/97 [poisoned by a cane toad]
 13996 | Lair:2   | 13996 ||| READING 5 scrolls of teleportation.
 13996 | Lair:2   | HP: 5/97 [cane toad (13)]
 13997 | Lair:2   | Succumbed to a cane toad's poison

Levels and vault maps discovered:
D:1:      wheals_arrival_shading, layout_loops_ring,
          chequers_ecumenical_altar_simple_redux
D:2:      layout_loops_ring, serial_shops, nicolae_shop_stone, st_stairs_13
D:3:      layout_basic, lemuel_tele_altar
D:4:      layout_rooms, uniq_natasha
D:5:      layout_loops_ring, nicolae_shop_overcharged_wands
D:6:      layout_loops_cross, minmay_temple_entry_waves,
          biasface_ghost_orc_armoury
D:7:      layout_basic
D:8:      layout_rooms, vehumet_statue, dreamdust_wishing_well,
          eino_tiny_chamber
D:9:      layout_basic, grunt_temple_overflow_cloverleaf,
          minmay_lair_entry_grove, enter_bailey_3, uniq_pikel, uniq_erica
Lair:1:   layout_regular_city, gauntlet_entry_generic, lemuel_centaur_altar
Lair:2:   layout_cave_pods, minmay_snake_entry_spellcaster,
          serial_bayou_lagoon_a, fungi_pond_lemuel, minmay_lair_oklob_items,
          wad_woods_road_04, uniq_gastronok

Skill      XL: |  1  2  3  4  5  6  7  8  9 10 11 |
---------------+----------------------------------+-----
Axes           | 4 5 7 9 10 11 13 14 15 | 15.3
Fighting       | 4 5 6 7 8 9 |  9.0
Armour         | 3 4 5 6 |  6.2
Shields        | 7 9 10 | 10.1
Throwing       | 1 4 |  4.1
Dodging        | 4 |  4.9

Action                   |  1- 3 |  4- 6 |  7- 9 | 10-12 || total
-------------------------+-------+-------+-------+-------++-------
Melee: Hand axe          |    90 |   105 |    53 |       ||   248
       Headbutt          |    15 |    12 |    41 |    21 ||    89
       Punch             |     1 |       |       |       ||     1
       War axe           |       |       |   139 |   178 ||   317
Throw: Boomerang         |       |       |    42 |    13 ||    55
       Javelin           |       |       |       |     3 ||     3
Invok: Berserk           |     2 |     6 |     9 |     9 ||    26
       Brothers in Arms  |       |       |       |     1 ||     1
  Use: Scroll            |     4 |     2 |     5 |     4 ||    15
       Potion            |     2 |     4 |     2 |     2 ||    10
Armor: Animal skin       |     7 |       |       |       ||     7
       Ring mail         |     5 |     5 |       |       ||    10
       Scale mail        |       |    14 |     1 |       ||    15
       Chain mail        |       |       |    39 |    48 ||    87
Dodge: Dodged            |    42 |    42 |    54 |   104 ||   242
Block: Kite shield       |       |       |    62 |   136 ||   198

Table legend:
 A = Non-vault XP
 B = Vault XP
 C = Vault XP percentage of total XP
 D = Non-vault monster count
 E = Vault monster count
 F = Vault count percentage of total count
                 A         B        C        D         E       F
            +---------+---------+-------+---------+---------+-------
      Total |    8883 |    7889 |  47.0 |     199 |      35 |  15.0
            +---------+---------+-------+---------+---------+-------
        D:1 |      60 |       0 |   0.0 |      35 |       0 |   0.0
        D:2 |      24 |       2 |   7.7 |       5 |       1 |  16.7
        D:3 |      43 |       0 |   0.0 |      15 |       0 |   0.0
        D:4 |     300 |      35 |  10.4 |      22 |       1 |   4.3
        D:5 |     409 |       0 |   0.0 |      16 |       0 |   0.0
        D:6 |     792 |       0 |   0.0 |      22 |       0 |   0.0
        D:7 |     974 |       0 |   0.0 |      21 |       0 |   0.0
        D:8 |    1948 |      32 |   1.6 |      27 |       1 |   3.6
        D:9 |    1693 |    3772 |  69.0 |      26 |      19 |  42.2
     Lair:1 |    1385 |       0 |   0.0 |       5 |       0 |   0.0
     Lair:2 |    1255 |       0 |   0.0 |       5 |       0 |   0.0
   Gauntlet |       0 |    4048 | 100.0 |       0 |      13 | 100.0
            +---------+---------+-------+---------+---------+-------
